 Dungeon Crawl Stone Soup version 0.23.2-30-g0e89c35649 (webtiles) character file.

Game seed: 6417164636928576200

159 Kobolds4U the Conjurer (level 5, -1/28 HPs)
             Began as a Deep Elf Conjurer on June 17, 2019.
             Slain by a worker ant (6 damage)
             ... on level 4 of the Dungeon.
             The game lasted 00:07:54 (3483 turns).

Kobolds4U the Conjurer (Deep Elf Conjurer)          Turns: 3483, Time: 00:07:56

Health: -1/28      AC:  3    Str:  5    XL:     5   Next: 17%
Magic:  11/14      EV: 13    Int: 21    God:
Gold:   123        SH:  0    Dex: 15    Spells: 7/13 levels left

rFire    . . .     SeeInvis .   m - +4 dagger
rCold    . . .     Gourm    .   (no shield)
rNeg     . . .     Faith    .   a - +0 robe
rPois    .         Spirit   .   (no helmet)
rElec    .         Reflect  .   q - +0 cloak
rCorr    .         Harm     .   (no gloves)
MR       .....                  (no boots)
Stlth    ++........             (no amulet)
HPRegen  0.09/turn              (no ring)
MPRegen  0.14/turn              (no ring)

@: lethally poisoned (-1 -> -22)
A: no striking features
a: no special abilities


You were on level 4 of the Dungeon.
You were hungry.

You visited 1 branch of the dungeon, and saw 4 of its levels.

You collected 123 gold pieces.

Inventory:

Hand Weapons
 d - a +3 dagger of venom
 m - a +4 dagger (weapon)
Missiles
 x - 4 tomahawks (quivered)
Armour
 a - a +0 robe (worn)
 q - a +0 cloak (worn)
Jewellery
 o - an uncursed ring of ice
Scrolls
 b - 3 scrolls of teleportation {unknown}
 e - 7 scrolls of identify {unknown}
 h - 2 scrolls of random uselessness {unknown}
 k - a scroll of fog {unknown}
 l - 3 scrolls of enchant armour {unknown}
 t - a scroll of enchant weapon {unknown}
 v - a scroll of magic mapping {unknown}
 y - a scroll of amnesia {unknown}
Potions
 f - 2 potions of heal wounds {unknown}
 g - 2 potions of lignification {unknown}
 i - a potion of magic {unknown}
 j - a potion of invisibility {unknown}
 n - a potion of mutation {unknown}
 p - a potion of agility {unknown}
 r - a potion of might {unknown}
 s - 2 potions of curing {unknown}
 u - a potion of flight {unknown}
Comestibles
 c - 5 rations


   Skills:
 - Level 1.1 Short Blades
 - Level 2.4 Dodging
 - Level 2.4 Stealth
 + Level 4.8 Spellcasting
 - Level 5.4 Conjurations
 - Level 3.0 Hexes


You had 7 spell levels left.
You knew the following spells:

 Your Spells              Type           Power        Failure   Level  Hunger
a - Magic Dart            Conj           ####         1%          1    None
b - Searing Ray           Conj           ####..       1%          2    None
c - Dazzling Spray        Conj/Hex       ###...       6%          3    ##.....

Your spell library contained the following spells:

 Spells                   Type           Power        Failure   Level  Hunger
 Iskenderun's Mystic Bla  Conj           ####....     12%         4    ####...
 Fulminant Prism          Conj/Hex       ###.......   19%         4    ####...
 Force Lance              Conj/Tloc      ###.....     34%         4    ####...


Dungeon Overview and Level Annotations

Branches:
Dungeon (4/15)             Temple (0/1) D:4

Altars:

Annotations:
D:3 3 runed translucent doors, Sassnad's ghost, amateur FoFi


Message History

You are too injured to fight recklessly!
You are too injured to fight recklessly!
Casting: Magic Dart (safe; 1% risk of failure)
Confirm with . or Enter, or press ? or * to list all spells.
Aiming: Searing Ray (safe; 1% risk of failure)
Press: ? - help, Shift-Dir - straight line, f - worker ant
Aim: a worker ant (heavily wounded)
The searing ray hits the worker ant.
The worker ant is heavily wounded. (Press . to maintain the ray.)
* * * LOW HITPOINT WARNING * * *
You feel sick.
The worker ant bites you but does no damage.
The searing ray hits the worker ant.
The worker ant is severely wounded.
* * * LOW HITPOINT WARNING * * *
You feel sick. The worker ant bites you.
* * * LOW HITPOINT WARNING * * *
The worker ant bites you.
You die...

#.........
#.......≈≈≈
######.....≈≈≈≈≈
#####...##...≈≈≈≈≈≈≈
............≈≈≈≈≈≈..
...........≈≈≈≈≈≈.>
##.....##.≈≈≈≈≈≈..
##...<##.≈≈≈≈≈≈≈≈
#...###.@≈≈≈≈≈≈≈
###.# #..a.≈≈≈≈≈ ###
#......≈≈≈
#.........
###.....## .......
#######


You could see a worker ant.

Vanquished Creatures
  Crazy Yiuf (D:2)
  4 adders
  An ooze (D:1)
  2 worms (D:2)
  2 dart slugs (D:2)
  2 leopard geckos
  2 orcs (D:3)
  8 giant cockroaches
  10 goblins
  11 hobgoblins
  7 jackals
  2 kobolds
  4 ball pythons
  5 bats
  6 frilled lizards
  9 rats
76 creatures vanquished.

Notes
Turn   | Place    | Note
-------+----------+-------------------------------------------
     0 | D:1      | Kobolds4U the Deep Elf Conjurer began the quest for the
                  | Orb.
     0 | D:1      | Reached XP level 1. HP: 10/10 MP: 6/6
   159 | D:1      | Reached XP level 2. HP: 8/15 MP: 8/8
   435 | D:1      | Reached skill level 1 in Short Blades
   474 | D:1      | Learned a level 2 spell: Searing Ray
   641 | D:1      | Reached skill level 5 in Conjurations
   658 | D:1      | Reached XP level 3. HP: 18/19 MP: 8/10
  1724 | D:2      | Learned a level 3 spell: Dazzling Spray
  1816 | D:2      | Reached XP level 4. HP: 24/24 MP: 12/12
  1873 | D:2      | Reached skill level 1 in Hexes
  1943 | D:2      | Found a runed translucent door.
  1944 | D:2      | Noticed Crazy Yiuf
  1953 | D:2      | Killed Crazy Yiuf
  2504 | D:3      | Found a runed translucent gate.
  2505 | D:3      | Found a runed translucent gate.
  2551 | D:3      | Reached XP level 5. HP: 28/28 MP: 13/13
  3102 | D:3      | Found a runed translucent gate.
  3198 | D:3      | Noticed Sassnad's ghost (amateur FoFi)
  3475 | D:4      | Found a staircase to the Ecumenical Temple.
  3483 | D:4      | Slain by a worker ant

Skill      XL: |  1  2  3  4  5 |
---------------+----------------+-----
Short Blades   | 1 |  1.1
Conjurations   | 5 |  5.4
Spellcasting   | 4 |  4.8
Hexes          | 2 3 |  3.0
Dodging        | |  2.4
Stealth        | |  2.4

Action                   |  1- 3 |  4- 6 || total
-------------------------+-------+-------++-------
Melee: Dagger            |    63 |    41 ||   104
 Cast: Magic Dart        |    35 |    29 ||    64
       Searing Ray       |     1 |     4 ||     5
 Stab: Sleeping          |     9 |     4 ||    13
  Eat: Chunk             |     3 |     4 ||     7
Armor: Robe              |     8 |    13 ||    21
Dodge: Dodged            |    45 |    22 ||    67
